Map: Lerilak Crest

Players

llllllllllll

  • Race: Zerg Zerg

SolO - Winner!

  • Race: Zerg Zerg

Event: LycanGTV LotV Beta Tournament 1

VOD

Have the link to the VOD?

Description

Time

  • Played on: April 2, 2015, 1:56 p.m.
  • Length: 2:57

All games in this series

Show
View Real Time Build Order
Export as new Build Order

llllllllllll Zerg 

Build Orders: Hatch First 

Get SALT Encoding   

  12  0:01  Drone  
  13  0:13  Overlord  
  13  0:20  Drone  
  14  0:32  Drone x2  
  16  0:36  Drone  
  17  0:46  Drone  
  18  0:54  Hatchery  
  17  0:57  Drone  
  18  1:05  Extractor  
  18  1:07  Drone  
  18  1:15  Spawning Pool  
  17  1:19  Drone  
  18  1:30  Drone  
  19  1:39  Overlord  
  19  1:52  Drone  
  20  2:03  Drone, Queen  
  20  2:07  Queen  
  20  2:08  Zergling x2  
  26  2:12  Spine Crawler  
  26  2:15  Zergling x2  
  26  2:18  Zergling x2  
  26  2:22  Zergling x2  
  28  2:29  Zergling x2  
  29  2:34  Spine Crawler  
  29  2:36  Zergling x2  
  28  2:39  Zergling x2  
  27  2:50  Spine Crawler  
Show
View Real Time Build Order
Export as new Build Order

SolO Zerg - Winner!

Build Orders: Pool Only 

Get SALT Encoding   

  12  0:02  Drone  
  13  0:17  Extractor  
  12  0:24  Spawning Pool  
  11  0:28  Drone  
  11  0:34  Drone  
  13  0:39  Drone  
  14  0:49  Overlord  
  14  1:11  Queen  
  16  1:14  Zergling x2  
  16  1:17  Metabolic Boost  
  17  1:22  Zergling x2  
  19  1:25  Zergling x2  
  19  1:30  Zergling x2  
  20  1:39  Baneling Nest  
  19  1:45  Zergling x2  
  20  1:49  Zergling x2  
  21  1:57  Overlord  
  21  2:16  Zergling x2  
  21  2:20  Zergling x8  
  26  2:33  Zergling x4  
  28  2:39  Baneling x3  

Tags
 
Add a new tag
Caveats
  • Supply blocks, unpowered buildings, or Contaminate may cause inaccurate times.
  • Supply counts are checked every 10 seconds.